 Dungeon Crawl Stone Soup version 0.20.0-15-g7f486f2 (webtiles) character file.

1906 Gargoyl the Chopper (level 8, 0/68 HPs)
             Began as a Pale Draconian Abyssal Knight on June 14, 2017.
             Was a Priest of Lugonu.
             Slain by a shadow (12 damage)
             ... on level 6 of the Dungeon.
             The game lasted 00:11:33 (4363 turns).

Gargoyl the Chopper (Pale Draconian Abyssal Knight) Turns: 4363, Time: 00:11:33

Health: 0/68       AC:  9    Str: 14    XL:     8   Next: 94%
Magic:  12/12      EV: 14    Int: 19    God:    Lugonu [***...]
Gold:   215        SH:  3    Dex: 13    Spells: 7/7 levels left

rFire    . . .     SeeInvis .   x - +0 war axe (chop)
rCold    . . .     Gourm    .   y - +0 buckler
rNeg     . . .     Faith    .   (armour unavailable)
rPois    +         Spirit   .   m - +2 hat
rElec    .         Reflect  .   e - scarf {cloud immunity}
rCorr    .         Harm     .   (no gloves)
MR       ++...                  (no boots)
Stlth    ++........             g - amulet "Geungiv" {rPois Regen+ Int+4}
Regen    0.7/turn               p - ring of protection from magic
MPRegen  0.2/turn               u - ring of protection from magic

@: short of breath, flying
A: breathe steam, unfitting armour, clever 1, shaggy fur 1, cold-blooded, AC +6
a: Breathe Steam, Depart the Abyss, Bend Space, Banish, Renounce Religion


You were on level 6 of the Dungeon.
You worshipped Lugonu.
Lugonu was most pleased with you.
You were not hungry.

You visited 1 branch of the dungeon, and saw 6 of its levels.
You visited the Abyss 1 time.

You collected 373 gold pieces.
You spent 158 gold pieces at shops.

Inventory:

Hand Weapons
 a - a +3 hand axe
 x - a +0 war axe of chopping (weapon)
Armour
 e - a scarf of cloud immunity (worn)
 m - a +2 hat (worn)
 y - a +0 buckler (worn)
Jewellery
 d - an uncursed ring of flight
 g - the amulet "Geungiv" (around neck) {rPois Regen+ Int+4}
   (You found it on level 1 of the Abyss)

   [amulet of regeneration]

   It affects your intelligence (+4).
   It protects you from poison.
   It increases your rate of regeneration.
 n - an uncursed ring of fire
 p - a ring of protection from magic (left hand)
 u - a ring of protection from magic (right hand)
Wands
 f - a wand of acid (12/15)
Scrolls
 j - a scroll of amnesia
 k - 2 scrolls of remove curse
 o - 3 scrolls of identify
 q - a scroll of magic mapping
 A - a scroll of torment {unknown}
Potions
 c - a potion of agility
 i - a potion of curing
 r - a potion of might
 w - 2 potions of heal wounds {unknown}
 z - a potion of haste {unknown}
Books
 t - a book of Misfortune

   Spells                             Type                      Level
   a - Confusing Touch                Hexes                        1
   b - Confuse                        Hexes                        3
   c - Gell's Gravitas                Translocation                3
   d - Petrify                        Transmutation/Earth          4
   e - Metabolic Englaciation         Hexes/Ice                    5
   f - Yara's Violent Unravelling     Hexes/Transmutation          5
Comestibles
 b - 4 bread rations
 h - 6 royal jellies
 s - 5 chunks of flesh
 v - 2 meat rations


   Skills:
 + Level 5.3 Fighting
 + Level 6.4 Axes
 * Level 6.2 Dodging
 * Level 4.0 Stealth
 + Level 0.4 Shields
 * Level 5.4 Invocations


You had 7 spell levels left.
You didn't know any spells.

Dungeon Overview and Level Annotations

Branches:
Dungeon (6/15)
 Temple: D:4-7

Altars:
Elyvilon
Hepliaklqana
Qazlal
Trog
The Shining One

Shops:
D:4 *   D:5 (


Innate Abilities, Weirdness & Mutations

You can breathe blasts of scalding, opaque steam.
Your pale cyan-grey scales are hard. (AC +6)
You cannot fit into any form of body armour.
You are cold-blooded and may be slowed by cold attacks.
Your mind is acute. (Int +2)
You are covered in fur. (AC +1)


Message History

Something hits you but does no damage.
The shadow strikes at you from the darkness!
Ouch! That really hurt!
* * * LOW HITPOINT WARNING * * *
Reactivating autopickup.
Things that are here:
a ring mail; an orc corpse Deactivating autopickup; reactivate with Ctrl-A.
You closely miss something. You tail-slap something.
You hit the shadow but do no damage.
You hear some strange, mumbled words.
Something tries to affect you, but you resist.
The shadow slips into darkness.
The shadow flickers and vanishes!
It was a potion of flight.
You feel very buoyant.
You fly up into the air.
Something hits you.
* * * LOW HITPOINT WARNING * * *
The shadow strikes at you from the darkness!
You die...

...# ########## .......
...# #........###.......
...###..................
........................
........................
......).................
...#####................
...#####........){......
...'............@{......
...#####................
...#####.........#######
..............#.....
..............#......
............###.......
.........Z..# #.......
............# #.......
............#


You could see a howler monkey skeleton.

Vanquished Creatures
  Pikel (D:5)
  Sigmund (D:6)
  Eustachio (D:5)
  Duvessa (D:6)
  An orc warrior (D:6)
  3 slaves
  A sky beast (D:6)
  A phantom (D:5)
  2 ogres
  Dowan (D:6)
  A crimson imp (D:6)
  A jelly (D:4)
  2 hounds
  An orc priest (D:6)
  2 orc wizards (D:6)
  A centaur skeleton (D:5)
  A bullfrog skeleton (D:4)
  Terence (D:2)
  3 worker ants
  Natasha (thrice) (D:2 D:3)
  8 adders
  3 oozes
  An adder skeleton (D:5)
  A worm (D:2)
  4 dart slugs
  19 orcs
  5 giant cockroaches
  5 goblins
  6 hobgoblins
  16 jackals
  2 ball pythons
  3 bats
  2 frilled lizards
  A giant cockroach zombie (D:3)
  A jackal skeleton (D:4)
  8 kobolds
  A quokka zombie (D:5)
115 creatures vanquished.

Vanquished Creatures (others)
  A slave (D:5)
1 creature vanquished.

Grand Total: 116 creatures vanquished

Notes
Turn   | Place    | Note
-------+----------+-------------------------------------------
     0 | Abyss:1  | Gargoyl the Draconian Abyssal Knight began the quest for the Orb.
     0 | Abyss:1  | Reached XP level 1. HP: 19/19 MP: 2/2
    11 | Abyss:1  | Got a faintly glowing brass amulet
    12 | Abyss:1  | Identified the amulet "Geungiv" {rPois Regen+ Int+4} (You found it on level 1 of the Abyss)
   116 | Abyss:2  | Noticed a small abomination
   124 | Abyss:2  | Noticed a small abomination
   140 | Abyss:2  | Noticed a starcursed mass
   141 | D:1      | Escaped the Abyss
   280 | D:1      | Reached XP level 2. HP: 25/26 MP: 3/3
   293 | D:1      | Reached * piety under Lugonu
   459 | D:1      | Reached skill level 1 in Stealth
   593 | D:1      | Reached XP level 3. HP: 31/31 MP: 4/4
   878 | D:2      | Found a white marble altar of Elyvilon.
   934 | D:2      | Noticed Natasha
   940 | D:2      | Killed Natasha
   940 | D:2      | Reached XP level 4. HP: 30/40 MP: 5/5
  1014 | D:2      | Reached ** piety under Lugonu
  1022 | D:2      | Noticed Terence
  1028 | D:2      | Killed Terence
  1083 | D:2      | Found a hazy altar of Hepliaklqana.
  1089 | D:2      | Noticed Natasha
  1099 | D:2      | Killed Natasha
  1099 | D:2      | Reached XP level 5. HP: 16/46 MP: 7/7
  1914 | D:3      | Noticed Natasha
  2176 | D:3      | Found a glowing golden altar of the Shining One.
  2258 | D:3      | Found a bloodstained altar of Trog.
  2290 | D:3      | Killed Natasha
  2529 | D:4      | Noticed an ogre
  2569 | D:4      | Gained mutation: Scrolls take you a little longer to read. [potion of mutation]
  2569 | D:4      | Gained mutation: You are clumsy. (Dex -2) [potion of mutation]
  2569 | D:4      | Gained mutation: You have sharp toenails. [potion of mutation]
  2569 | D:4      | Gained mutation: You are covered in fur. (AC +1) [potion of mutation]
  2574 | D:4      | Reached XP level 6. HP: 23/52 MP: 8/8
  2819 | D:4      | Found Syqisats's General Store.
  2824 | D:4      | Bought a potion of might for 48 gold pieces
  3123 | D:5      | Entered Level 5 of the Dungeon
  3225 | D:5      | Lost mutation: You are clumsy. (Dex -2) [potion of mutation]
  3225 | D:5      | Lost mutation: Scrolls take you a little longer to read. [potion of mutation]
  3225 | D:5      | Lost mutation: You have sharp toenails. [potion of mutation]
  3225 | D:5      | Gained mutation: Your mind is acute. (Int +2) [potion of mutation]
  3242 | D:5      | Noticed a slave
  3244 | D:5      | Noticed Pikel
  3279 | D:4      | Killed a slave
  3374 | D:4      | Your scales start taking on a pale cyan-grey colour.
  3374 | D:4      | Reached XP level 7. HP: 59/59 MP: 9/9
  3378 | D:4      | Reached *** piety under Lugonu
  3528 | D:5      | Killed Pikel
  3528 | D:5      | Reached skill level 5 in Axes
  3528 | D:5      | Reached skill level 5 in Dodging
  3528 | D:5      | Reached XP level 8. HP: 43/67 MP: 11/11
  3598 | D:5      | Noticed Eustachio
  3607 | D:5      | Found Xaofed's Weapon Emporium.
  3639 | D:5      | Bought a cursed +0 hand axe for 24 gold pieces
  3642 | D:5      | Bought a +0 war axe of chopping for 86 gold pieces
  3682 | D:5      | Killed Eustachio
  3782 | D:5      | Found a stormy altar of Qazlal.
  3915 | D:6      | Reached skill level 5 in Fighting
  4023 | D:6      | Noticed Duvessa
  4025 | D:6      | Noticed Dowan
  4033 | D:6      | Killed Duvessa
  4033 | D:6      | Reached skill level 5 in Invocations
  4042 | D:6      | Killed Dowan
  4091 | D:6      | Noticed Sigmund
  4099 | D:6      | Killed Sigmund
  4363 | D:6      | Slain by a shadow

Skill      XL: |  1  2  3  4  5  6  7  8 |
---------------+-------------------------+-----
Stealth        | 1 2 3 4 |  4.0
Axes           | 3 4 5 6 |  6.4
Dodging        | 3 4 5 6 |  6.2
Invocations    | 3 4 5 |  5.4
Fighting       | 4 5 |  5.3
Shields        | |  0.4

Action                   |  1- 3 |  4- 6 |  7- 9 || total
-------------------------+-------+-------+-------++-------
Melee: Hand axe          |    61 |   172 |    56 ||   289
       Tailslap          |     4 |    24 |    11 ||    39
       Kick              |       |    10 |       ||    10
       War axe           |       |       |    76 ||    76
Invok: Depart the Abyss  |     1 |       |       ||     1
       Bend Space        |       |     3 |       ||     3
 Abil: Breathe Steam     |       |       |    12 ||    12
Evoke: Wand              |       |     1 |       ||     1
  Use: Scroll            |     5 |     5 |     3 ||    13
       Potion            |       |     5 |     1 ||     6
 Stab: Sleeping          |     1 |     4 |     1 ||     6
       Distracted        |       |       |     1 ||     1
  Eat: Chunk             |       |     8 |     5 ||    13
Armor: Skin              |    21 |    63 |    41 ||   125
Dodge: Dodged            |    65 |   141 |   126 ||   332
Block: Buckler           |       |       |     7 ||     7
